 Dungeon Crawl Stone Soup version 0.31.0-11-ge490571c62 (webtiles) character file.

Game seed: 10209142840023509567

122 Gadfly the Ruffian (level 4, -1/49 HPs)
             Began as a Demonspawn Shapeshifter on Jan 27, 2024.
             Slain by Grinder (6 damage)
             ... on level 3 of the Dungeon.
             The game lasted 00:03:34 (2153 turns).

Gadfly the Ruffian (Demonspawn Shapeshifter)        Turns: 2153, Time: 00:03:35

Health: -1/49      AC: 22    Str: 17    XL:     4   Next: 78%
Magic:  4/4        EV:  2    Int: 10    God:
Gold:   156        SH:  0    Dex: 12    Spells: 0/3 levels left

rFire   . .          .
                       - Unarmed
rCold   . . .        (no shield)
rNeg    . . .        a - melded +0 animal skin
rPois   +            (helmet currently unavailable)
rElec   .            (cloak currently unavailable)
rCorr   .            (gloves currently unavailable)
SInv    .            (boots currently unavailable)
Will    .....        (no amulet)
Stlth   +            (no ring)
HPRegen 0.28/turn    (no ring)
MPRegen 0.09/turn

%: no passive effects
@: tree-form
A: stationary, stasis, torment immunity, boosted hp, (claws 1), rugged brown
scales 1, foul stench 1
a: no special abilities


You were on level 3 of the Dungeon.
You were a tree.
You visited 1 branch of the dungeon, and saw 3 of its levels.

You collected 156 gold pieces.

Inventory:

Hand Weapons
 b - a +0 dagger of venom
Armour
 a - a +0 animal skin (melded)
Talismans
 c - a beast talisman
 d - a flux talisman
Scrolls
 j - a scroll of identify {unknown}
Potions
 e - a potion of curing
 f - a potion of brilliance {unknown}
 g - a potion of heal wounds {unknown}
 h - a potion of berserk rage {unknown}
 i - a potion of attraction


   Skills:
 + Level 2.0 Fighting
 * Level 2.8 Dodging
 + Level 3.1 Unarmed Combat
 * Level 2.0 Evocations
 + Level 3.0 Shapeshifting


You couldn't memorise any spells.
You knew the following spells:

 Your Spells              Type           Power      Damage    Failure   Level
a - Swiftness             Air            0%         N/A       75%         3

Your spell library contained the following spells:

 Spells                   Type           Power      Damage    Failure   Level
 Ensorcelled Hibernation  Hex/Ice        0%         N/A       50%         2
 Passwall                 Erth           0%         N/A       75%         3


Dungeon Overview and Level Annotations

Branches:
Dungeon (3/15)

Altars:

Shops:
D:3 =

Annotations:
D:3 Grinder


Innate Abilities, Weirdness & Mutations

You are a tree.
Your roots penetrate the ground, keeping you stationary.
You cannot be teleported.
You are immune to unholy pain and torment.
Your maximum health is greatly increased.
Your equipment is partially melded.
((You have sharp fingernails.))
(You are partially covered in rugged brown scales. (AC +1, +3% HP))
You may rarely emit foul miasma when damaged in melee.


Message History

You are too injured to fight recklessly!
You are too injured to fight recklessly!
You are too injured to fight recklessly!
You are too injured to fight recklessly!
You are too injured to fight recklessly!
You are too injured to fight recklessly!
You are too injured to fight recklessly!
You are too injured to fight recklessly!
You are too injured to fight recklessly!
Unknown command.
You hit Grinder but do no damage.
Grinder is lightly wounded.
Grinder hits you.
* * * LOW HITPOINT WARNING * * *
You writhe in agony.
* * * LOW HITPOINT WARNING * * *
Unknown command.
You feel better.
Grinder zaps a wand.
The puff of flame hits you.
* * * LOW HITPOINT WARNING * * *
Your +0 dagger of venom stops dripping with poison.
You are now empty-clawed.
Okay, then.
Your transformation has ended.
You turn into a tree.
Your +0 animal skin melds into your body.
Your roots penetrate the ground.
Grinder hits you but does no damage.
You closely miss Grinder.
Grinder is lightly wounded.
Grinder blinks!
You cannot move.
You cannot move.
Grinder blinks!
You cannot move.
You closely miss Grinder.
Grinder is lightly wounded.
Grinder hits you!
* * * LOW HITPOINT WARNING * * *
You writhe in agony.
You die...
Grinder says, "Now the real fun starts!"

#. ....# #.# #.##.#.#
#.# #.##.#.# #.#
#.##.#.# #.# . #.##.#.#
#.# ...###.##.#.# #.#
##
..........#.###)######.
#..###.................
#....5♣#########.###.##
#..###.########.#####.#
# ............(.##.#
...########.##.##.#
##### ##.#.....
##...### #####


You could see Grinder.

Vanquished Creatures
  5 adders
  3 ribbon worms
  5 dart slugs
  An orc (D:3)
  9 endoplasms
  A giant cockroach (D:1)
  5 hobgoblins
  A quokka (D:3)
  9 ball pythons
  6 bats
  4 frilled lizards
  2 goblins
  3 kobolds
  6 rats
60 creatures vanquished.

Notes
Turn   | Place    | Note
-------+----------+-------------------------------------------
     0 | D:1      | Gadfly the Demonspawn Shapeshifter began the quest for the
                  | Orb.
     0 | D:1      | Reached XP level 1. HP: 15/15 MP: 1/1
   198 | D:1      | Gained mutation: You may rarely emit foul miasma when
                  | damaged in melee. [demonic ancestry]
   198 | D:1      | Reached XP level 2. HP: 21/21 MP: 2/2
   391 | D:1      | Reached skill level 1 in Evocations
   866 | D:2      | Gained mutation: You are partially covered in rugged brown
                  | scales. (AC +1, +3% HP) [demonic ancestry]
   866 | D:2      | Reached XP level 3. HP: 20/26 MP: 3/3
  1376 | D:2      | Gained mutation: You have sharp fingernails. [demonic
                  | ancestry]
  1376 | D:2      | Reached XP level 4. HP: 32/32 MP: 4/4
  1754 | D:3      | Learned a level 3 spell: Swiftness
  1808 | D:3      | Identified the +1 leather armour of Vermicelli {Regen+
                  | MP+9}
  2010 | D:3      | Found Gomeil's Jewellery Shoppe.
  2141 | D:3      | Noticed Grinder
  2153 | D:3      | Slain by Grinder

Illustrated notes

Levels and vault maps discovered:
D:1:      heliophobic_arrival_ceremonial_halls, layout_loops_ring
D:2:      minmay_chambers_of_ones, layout_loops_cross, serial_park_tiny_2,
          eino_tiny_chamber
D:3:      layout_loops_ring, serial_shops, shop, uniq_grinder

Skill      XL: |  1  2  3  4 |
---------------+-------------+-----
Dodging        | 2 |  2.8
Evocations     | 1 2 |  2.0
Unarmed Combat | 3 |  3.1
Shapeshifting  | 3 |  3.0
Fighting       | 2 |  2.0

Action                     |  1- 3 |  4- 6 || total
---------------------------+-------+-------++-------
  Melee: Unarmed           |    64 |     2 ||    66
         Dagger            |    37 |    60 ||    97
         Punch             |     1 |     1 ||     2
    Use: Potion            |     2 |     2 ||     4
         Scroll            |     2 |     1 ||     3
   Stab: Sleeping          |     2 |     1 ||     3
 Armour: Animal skin       |    46 |    37 ||    83
         Skin              |       |     2 ||     2
  Dodge: Dodged            |    53 |    29 ||    82
